 Dungeon Crawl Stone Soup version 0.28-a0-1114-g8eb0198dcf (webtiles) character file.

Game seed: 7828077257562710027

14 Gargoyl the Skirmisher (level 2, -2/29 HPs)
             Began as a Gnoll Abyssal Knight on Dec 11, 2021.
             Was a Follower of Lugonu.
             Slain by a gnoll (3 damage)
             ... on level 1 of the Dungeon.
             The game lasted 00:01:19 (1162 turns).

Gargoyl the Skirmisher (Gnoll Abyssal Knight)       Turns: 1162, Time: 00:01:19

Health: -2/29      AC:  7    Str: 12    XL:     2   Next: 45%
Magic:  5/5        EV: 11    Int:  9    God:    Lugonu [*.....]
Gold:   36         SH:  0    Dex: 12    Spells: 1/1 levels left

rFire   . . .      SeeInvis .   i - +4 dagger
rCold   . . .      Faith    .   (no shield)
rNeg    + . .      Spirit   .   d - +0 ring mail
rPois   .          Reflect  .   f - +0 helmet
rElec   .          Harm     .   (no cloak)
rCorr   .          Rampage  .   (no gloves)
Will    +....                   (no boots)
Stlth   +.........              (no amulet)
HPRegen 0.09/turn               c - ring of positive energy
MPRegen 0.09/turn               k - ring of willpower

@: no status effects
A: fangs 1, strong nose, distributed training
a: Renounce Religion, Depart the Abyss


You were on level 1 of the Dungeon.
You worshipped Lugonu.
Lugonu was aware of your devotion.
You visited 1 branch of the dungeon, and saw 2 of its levels.
You visited the Abyss 1 time.

You collected 36 gold pieces.

Inventory:

Hand Weapons
 a - a +1 hand axe
 i - a +4 dagger (weapon)
Missiles
 e - 29 poisoned darts (quivered)
Armour
 d - a +0 ring mail (worn)
 f - a +0 helmet (worn)
Jewellery
 c - a ring of positive energy (left hand)
 k - a ring of willpower (right hand)
Scrolls
 g - a scroll of noise {unknown}
 j - 2 scrolls of teleportation {unknown}
Potions
 b - a potion of resistance {unknown}
 h - a potion of cancellation {unknown}


   Skills:
 + Level 6.5 Fighting
 + Level 0.4 Short Blades
 + Level 0.4 Long Blades
 + Level 4.5 Axes
 + Level 0.4 Maces & Flails
 + Level 0.4 Polearms
 + Level 0.4 Staves
 + Level 0.4 Slings
 + Level 0.4 Bows
 + Level 0.4 Crossbows
 + Level 0.4 Throwing
 + Level 4.5 Armour
 + Level 2.5 Dodging
 + Level 0.4 Stealth
 + Level 0.4 Shields
 + Level 0.4 Unarmed Combat
 + Level 0.4 Spellcasting
 + Level 0.2 Conjurations
 + Level 0.2 Hexes
 + Level 0.2 Summonings
 + Level 0.2 Necromancy
 + Level 0.2 Translocations
 + Level 0.2 Transmutations
 + Level 0.2 Fire Magic
 + Level 0.2 Ice Magic
 + Level 0.2 Air Magic
 + Level 0.2 Earth Magic
 + Level 0.2 Poison Magic
 + Level 4.5 Invocations
 + Level 0.4 Evocations


You had one spell level left.
You didn't know any spells.
Your spell library contained the following spells:

 Spells                   Type           Power      Damage    Failure   Level
 Beastly Appendage        Tmut           0%         N/A       58%         1
 Wereblood                Tmut           0%         N/A       75%         2
 Spider Form              Tmut/Pois      0%         N/A       92%         3


Dungeon Overview and Level Annotations

Branches:
Dungeon (2/15)

Altars:


Innate Abilities, Weirdness & Mutations

You have very sharp teeth.
Your uncanny sense of smell can sniff out nearby items.
Your experience applies equally to all skills.


Message History

You climb upwards.
There is a stone staircase leading down here.
You hit the gnoll but do no damage. The gnoll hits you with a +0 club.
The gnoll barely misses you.
You closely miss the gnoll.
The gnoll drinks a potion.
The gnoll seems to speed up.
The gnoll hits you with a +0 flail!
Unknown command.
You hit the gnoll.
The gnoll is moderately wounded.
The gnoll closely misses you. The gnoll barely misses you.
The gnoll hits you with a +0 flail.
Unknown command.
You hit the gnoll.
The gnoll is severely wounded.
The gnoll completely misses you. The gnoll misses you.
Unknown command.
You closely miss the gnoll.
The gnoll is severely wounded.
The gnoll closely misses you. The gnoll hits you with a +0 club.
The gnoll barely misses you.
You hit the gnoll.
The gnoll is almost dead.
The gnoll closely misses you. The gnoll hits you with a +0 flail.
Unknown command.
You hit the gnoll. You bite the gnoll, but do no damage.
The gnoll is almost dead.
The gnoll hits you but does no damage. The gnoll hits you with a +0 club.
The gnoll misses you.
Unknown command.
You hit the gnoll but do no damage.
The gnoll is almost dead.
The gnoll completely misses you. The gnoll hits you with a +0 flail.
* * * LOW HITPOINT WARNING * * *
Unknown command.
You closely miss the gnoll.
The gnoll is almost dead.
The gnoll misses you. The gnoll hits you with a +0 club.
* * * LOW HITPOINT WARNING * * *
The gnoll hits you with a +0 flail.
You die...

....#....#..........###....# #..
....#...............# #....####..
....#....#..........###......###'
...##.........#.......#..........
...##.........#.......#..........
...##.........#.......#..........
....#.........##......#......#+#.
......................#).....#...
................@g......##.......
.................g......##.......
.................................
.........###.....................
.........###.#.........#.........
.........##..###.###.###.........
#............#..P......#.......(.
##...........#P#.#P#.#P#.........
##...........#..P...P..#.........


You could see 2 gnolls.

Vanquished Creatures
  2 endoplasms (D:1)
  2 goblins (D:1)
  A hobgoblin (D:1)
  3 jackals (D:1)
  A ball python (D:1)
  A frilled lizard (D:1)
  3 kobolds (D:1)
13 creatures vanquished.

Notes
Turn   | Place    | Note
-------+----------+-------------------------------------------
     0 | Abyss:1  | Gargoyl the Gnoll Abyssal Knight began the quest for the
                  | Orb.
     0 | Abyss:1  | Reached XP level 1. HP: 23/23 MP: 3/3
    53 | Abyss:1  | Noticed a large abomination
    84 | Abyss:1  | Noticed a small abomination
    86 | D:1      | Escaped the Abyss
   102 | D:1      | Noticed an electric eel
   103 | D:1      | Noticed an electric eel
   175 | D:1      | Reached * piety under Lugonu
   274 | D:1      | Reached XP level 2. HP: 19/29 MP: 5/5
   697 | D:1      | Found a faded altar of an unknown god.
  1162 | D:1      | HP: 1/29 [gnoll (4)]
  1162 | D:1      | Slain by a gnoll

Illustrated notes

Levels and vault maps discovered:
D:1:      arrival_aquarium_b, layout_basic,
          shapermc_ecumenical_altar_mp_urbaneastern, minmay_tromino_mix6
D:2:      layout_loops_ring

Action                   || total
-------------------------++-------
Melee: Hand axe          ||    22
       Bite              ||     3
       Dagger            ||    33
Invok: Depart the Abyss  ||     1
Armor: Ring mail         ||    19
Dodge: Dodged            ||    46

Table legend: (Time is in decaauts)
 A = Elapsed time spent in this place.
 B = Non-inter-level travel time spent in this place.
 C = Inter-level travel time spent in this place.
 D = Time resting spent in this place.
 E = Time spent auto-exploring this place.
 F = Levels seen in this place.
 G = Mean time per level.
                   A        B        C        D        E       F      G
               +--------+--------+--------+--------+--------+-----+--------+
         Total |   1163 |   1155 |      8 |    298 |    625 |   3 |  387.7 |
       Dungeon |   1077 |   1069 |      8 |    298 |    575 |   2 |  538.5 |
         Abyss |     86 |     86 |      0 |      0 |     50 |   1 |   86.0 |
               +--------+--------+--------+--------+--------+-----+--------+

Top non-repeatable levels by time:
     D:1: 1058 daAuts
 Abyss:1: 86 daAuts
     D:2: 18 daAuts
